Map: Catalyst LE

Players

Harstem

  • Race: Protoss Protoss
  • League: Master
  • Spawn Location: 11:00

Elazer - Winner!

  • Race: Zerg Zerg
  • League: Master
  • Spawn Location: 5:00

Event: HomeStory Cup XVI

VOD

Have the link to the VOD?

Description

Time

  • Played on: Nov. 9, 2017, 8:31 a.m.
  • Length: 5:46

All games in this series

Show
View Real Time Build Order
Export as new Build Order

Harstem Protoss 

Build Orders: 1 Gate Expand, Oracle Opening 

Get SALT Encoding   

  1  0:00  Probe (Chrono Boost)  
  12  0:05  Probe (Chrono Boost)  
  14  0:18  Pylon  
  14  0:23  Probe (Chrono Boost)  
  15  0:38  Probe (Chrono Boost)  
  15  0:40  Gateway  
  16  0:49  Assimilator  
  17  0:50  Probe (Chrono Boost)  
  17  0:59  Probe (Chrono Boost)  
  18  1:05  Probe (Chrono Boost)  
  19  1:16  Probe (Chrono Boost)  
  20  1:25  Nexus  
  20  1:34  Cybernetics Core  
  20  1:38  Probe (Chrono Boost)  
  21  1:42  Assimilator  
  21  1:50  Probe (Chrono Boost)  
  21  1:52  Pylon  
  23  2:02  Probe (Chrono Boost)  
  23  2:10  Adept  
  23  2:11  Warp Gate  
  23  2:12  Probe (Chrono Boost)  
  26  2:18  Probe (Chrono Boost)  
  26  2:28  Probe (Chrono Boost)  
  28  2:31  Stargate  
  28  2:33  Probe (Chrono Boost)  
  29  2:40  Probe (Chrono Boost)  
  29  2:41  Probe (Chrono Boost)  
  31  2:45  Stalker  
  35  2:53  Probe x2 (Chrono Boost)  
  35  3:05  Oracle, Probe x2 (Chrono Boost)  
  37  3:14  Gateway  
  37  3:17  Probe x2 (Chrono Boost)  
  42  3:21  Pylon  
  42  3:28  Gateway  
  42  3:29  Probe x2 (Chrono Boost)  
  46  3:41  Probe x2 (Chrono Boost)  
  46  3:49  Adept  
  46  3:53  Probe x2 (Chrono Boost)  
  46  3:54  Pylon  
  50  4:05  Probe x2 (Chrono Boost)  
  52  4:14  Probe x2 (Chrono Boost)  
  53  4:20  Probe x2 (Chrono Boost)  
  53  4:23  Assimilator  
  53  4:26  Nexus, Assimilator, Adept x3  
  61  4:31  Pylon  
  61  4:32  Pylon  
  59  4:39  Shield Battery  
  54  4:47  Probe x2 (Chrono Boost)  
  54  4:51  Zealot  
  54  4:54  Shield Battery  
  54  4:55  Shield Battery  
  54  4:59  Probe (Chrono Boost)  
  46  5:08  Zealot  
  44  5:15  Zealot  
  37  5:25  Sentry  
  37  5:27  Zealot  
  35  5:34  Probe (Chrono Boost)  
  33  5:37  Zealot  
Show
View Real Time Build Order
Export as new Build Order

Elazer Zerg - Winner!

Build Orders: Hatch First 

Get SALT Encoding   

  12  0:01  Drone  
  13  0:12  Overlord  
  13  0:17  Drone  
  14  0:30  Drone x2  
  16  0:49  Hatchery  
  15  0:51  Drone  
  15  0:55  Drone  
  17  1:00  Drone  
  18  1:11  Drone  
  19  1:14  Extractor  
  18  1:19  Spawning Pool  
  18  1:21  Drone  
  18  1:29  Drone  
  19  1:40  Overlord  
  19  1:49  Drone  
  21  2:01  Drone  
  21  2:02  Drone  
  21  2:06  Queen x2  
  26  2:11  Drone  
  26  2:12  Zergling x2  
  28  2:15  Metabolic Boost  
  28  2:22  Drone  
  29  2:23  Drone  
  30  2:33  Zergling x2  
  30  2:34  Overlord  
  31  2:45  Hatchery  
  31  2:47  Drone  
  31  2:53  Drone  
  31  2:57  Pneumatized Carapace  
  32  3:01  Overlord  
  32  3:03  Drone  
  33  3:12  Evolution Chamber, Queen  
  34  3:16  Zergling x4  
  36  3:21  Zergling x4  
  38  3:39  Zergling x4  
  38  3:40  Zergling x2  
  41  3:42  Queen  
  41  3:45  Spore Crawler, Zergling x2  
  41  3:46  Zergling x4  
  45  3:54  Zergling x6  
  48  4:03  Queen  
  48  4:07  Zergling x6  
  53  4:12  Zergling x4  
  54  4:19  Zergling x6  
  57  4:26  Zergling x2  
  57  4:33  Zergling x2  
  57  4:37  Zergling x2  
  57  4:42  Zergling x2  
  57  4:44  Zergling x4  
  57  4:50  Zergling x2  
  57  4:51  Zergling x2  
  55  4:56  Zergling x8  
  55  5:01  Zergling x2  
  55  5:02  Zergling x2  
  54  5:12  Zergling x2  
  54  5:13  Zergling x4  
  54  5:20  Zergling x2  
Tags
 
Add a new tag
Caveats
  • Supply blocks, unpowered buildings, or Contaminate may cause inaccurate times.
  • Supply counts are checked every 10 seconds.